 Dungeon Crawl Stone Soup version 0.28-a0-991-g956f0ee3d5 (webtiles) character file.

Game seed: 14521165752501286899

16077 ders the Warrior (level 12, -2/121 HPs)
             Began as a Minotaur Berserker on Dec 5, 2021.
             Was an Elder of Trog.
             Slain by a skeletal warrior (5 damage)
             ... led by a skeletal warrior
             ... on level 11 of the Dungeon.
             The game lasted 00:14:15 (10955 turns).

ders the Warrior (Minotaur Berserker)              Turns: 10955, Time: 00:14:15

Health: -2/121     AC: 16    Str: 26    XL:     12   Next: 6%
Magic:  11/11      EV: 15    Int: 11    God:    Trog [****..]
Gold:   674        SH:  0    Dex: 12    Spells: 11/11 levels left

rFire   . . .      SeeInvis .   e - +6 mace of Traps {vamp, Int+5}
rCold   . . .      Faith    .   (no shield)
rNeg    + . .      Spirit   .   y - +6 scale mail of a volcano {Dex+3 Stlth+}
rPois   .          Reflect  .   (helmet restricted)
rElec   .          Harm     .   x - scarf {+Inv}
rCorr   .          Rampage  .   (no gloves)
Will    .....                   q - +0 pair of boots
Stlth   +.........              (no amulet)
HPRegen 0.30/turn               c - +4 ring of evasion
MPRegen 0.12/turn               l - ring of positive energy

@: on berserk cooldown, slowed, very slow
A: horns 2, retaliatory headbutt
a: Renounce Religion, Evoke Invisibility, Berserk, Trog's Hand, Brothers in Arms


You were on level 11 of the Dungeon.
You worshipped Trog.
Trog was greatly pleased with you.
You visited 1 branch of the dungeon, and saw 11 of its levels.

You collected 674 gold pieces.

Inventory:

Hand Weapons
 b - a +5 war axe
 e - the +6 mace of Traps (weapon) {vamp, Int+5}
   (You found it on level 7 of the Dungeon)

   It occasionally heals its wielder for a portion of the damage dealt when it
   wounds a living foe.
   Int:       It affects your intelligence (+5).
 D - the +1 whip of Nebrites {vorpal, rElec rC+ SInv}
   (You took it off an orc wizard on level 10 of the Dungeon)

   It inflicts extra damage upon your enemies.
   rC:        It protects you from cold.
   rElec:     It insulates you from electricity.
   SInv:      It lets you see invisible.
Missiles
 E - 3 throwing nets (quivered)
Armour
 q - a +0 pair of boots (worn)
 x - a scarf of invisibility (worn)
 y - the +6 scale mail of a volcano (worn) {Dex+3 Stlth+}
   (You found it on level 5 of the Dungeon)

   Dex:       It affects your dexterity (+3).
   Stlth:     It makes you more stealthy.
Jewellery
 c - a +4 ring of evasion (left hand)
 j - a ring of magical power
 l - a ring of positive energy (right hand)
 J - an amulet of magic regeneration
Wands
 r - a wand of flame (24)
 u - a wand of polymorph (10)
 z - a wand of iceblast (21)
 A - a wand of charming (9)
Scrolls
 d - a scroll of fog
 f - 2 scrolls of teleportation
 n - 2 scrolls of brand weapon
 s - 5 scrolls of identify
 B - a scroll of blinking {unknown}
 F - 3 scrolls of silence {unknown}
 G - 2 scrolls of enchant weapon
 I - a scroll of holy word {unknown}
Potions
 a - a potion of cancellation {unknown}
 g - 2 potions of mutation
 h - 3 potions of curing
 i - 2 potions of might
 k - 4 potions of flight
 m - 2 potions of resistance
 o - a potion of invisibility {unknown}
 p - 3 potions of ambrosia {unknown}
 t - 2 potions of lignification {unknown}
 v - 3 potions of brilliance {unknown}
 C - 2 potions of attraction {unknown}
 H - a potion of haste {unknown}


   Skills:
 * Level 15.2 Fighting
 - Level 11.2(13.0) Axes
 * Level 10.6(12.7) Maces & Flails
 + Level 10.9 Armour
 - Level 2.1 Dodging


You had 11 spell levels left.
You didn't know any spells.
Your spell library was empty.

Dungeon Overview and Level Annotations

Branches:
Dungeon (11/15)            Temple (0/1) D:7            Lair (0/6) D:11
    Orc (0/2) D:10

Altars:
Sif Muna
Vehumet
Beogh

Shops:
D:2 [   D:8 :


Innate Abilities, Weirdness & Mutations

You have a pair of horns on your head.
You reflexively headbutt those who attack you in melee.


Message History

Trog accepts your kill.
The skeletal warrior hits you from afar with a +0 trident.
* * * LOW HITPOINT WARNING * * *
The gargoyle hits you with a +0 mace.
* * * LOW HITPOINT WARNING * * *
The gargoyle hurls a stone arrow at you.
The stone arrow hits you but does no damage.
You feel a strong urge to attack something.
The skeletal warrior misses you.
You feel your anger nearly subside.
You are no longer berserk.
You are exhausted.
You feel yourself slow down.
A skeletal warrior comes into view. It is wielding a +0 dire flail.
The gargoyle hurls a stone arrow at you.
The stone arrow hits you.
* * * LOW HITPOINT WARNING * * *
The skeletal warrior closely misses you.
The gargoyle hurls a stone arrow at you.
The stone arrow hits you!
* * * LOW HITPOINT WARNING * * *
You feel much better.
The skeletal warrior closely misses you.
The gargoyle hurls a stone arrow at you.
The stone arrow hits you!
* * * LOW HITPOINT WARNING * * *
The skeletal warrior hits you but does no damage.
You feel much better.
The skeletal warrior hits you from afar with a +0 trident!
* * * LOW HITPOINT WARNING * * *
The skeletal warrior hits you with a +0 dire flail!
* * * LOW HITPOINT WARNING * * *
As you read the scroll of fog, it crumbles to dust.
The scroll dissolves into smoke.
The skeletal warrior hits you from afar with a +0 trident.
* * * LOW HITPOINT WARNING * * *
The skeletal warrior hits you with a +0 dire flail.
* * * LOW HITPOINT WARNING * * *
The gargoyle closely misses you.
The skeletal warrior hits you from afar with a +0 trident.
You die...

..#. ... ........########
.#..#...#..#.######..# #
............# #..#
#.#.#.._..#.#.######..########
.............#...............
#.#..#...#..#.#..[......######
......#...§§...#####...#
#..#..)..#.z########...#
.....#.#..z9@§§........######
............§§§§.[............
.....#####.....§..............
...........#############.#####
...........# #.#
...........#############>#####
. ............................
############################


You could see 2 skeletal warriors and a gargoyle.

Vanquished Creatures
  Harold (D:10)
  4 two-headed ogres
  A skeletal warrior (D:11)
  3 cyclopes
  An unseen horror (D:11)
  A kobold demonologist (D:10)
  2 trolls
  2 shadows (D:10)
  A vampire (D:9)
  Sigmund (D:2)
  2 wraiths
  A wyvern (D:9)
  Eustachio (D:6)
  16 yaks
  3 steam dragons
  5 vampire mosquitoes
  Edmund (D:5)
  A water moccasin (D:9)
  6 orc warriors
  An ice beast (D:8)
  2 black bears
  2 ogres (D:5)
  A necrophage (D:7)
  4 centaurs
  A phantom (D:5)
  Blork the orc (D:4)
  2 kobold brigands
  A bullfrog (D:8)
  A gnoll sergeant (D:10)
  3 scorpions
  A water moccasin skeleton (D:5)
  13 wights
  6 killer bees (D:9)
  2 electric eels (D:11)
  A howler monkey (D:10)
  2 centaur zombies
  8 orc priests
  5 hounds
  3 gnoll shamans
  Crazy Yiuf (D:5)
  4 bullfrog skeletons
  8 orc wizards
  3 iguanas (D:6)
  2 killer bee zombies
  A hound skeleton (D:4)
  3 howler monkey zombies
  7 gnolls
  8 adders
  3 white imps
  An ufetubus (D:4)
  2 worms
  3 dart slugs
  39 orcs
  7 ball pythons
  12 endoplasms
  4 giant cockroaches
  6 goblins
  5 hobgoblins
  2 jackals (D:1)
  11 kobolds
  2 quokkas
  4 bats (D:1)
  A frilled lizard (D:1)
  4 rats (D:1)
256 creatures vanquished.

Vanquished Creatures (collateral kills)
  A two-headed ogre (D:10)
  An ugly thing (D:11)
  A yak (D:10)
  2 wolves (D:11)
  An electric eel (D:11)
  3 hounds (D:11)
9 creatures vanquished.

Vanquished Creatures (others)
  2 orcs (D:6)
2 creatures vanquished.

Grand Total: 267 creatures vanquished

Notes
Turn   | Place    | Note
-------+----------+-------------------------------------------
     0 | D:1      | ders the Minotaur Berserker began the quest for the Orb.
     0 | D:1      | Reached XP level 1. HP: 19/19 MP: 0/0
   207 | D:1      | Reached skill level 4 in Fighting
   207 | D:1      | Reached XP level 2. HP: 17/27 MP: 1/1
   717 | D:1      | Reached XP level 3. HP: 24/33 MP: 2/2
   994 | D:2      | Reached ** piety under Trog
  1225 | D:2      | Found Diejiraga's Armour Emporium.
  1438 | D:2      | Noticed Sigmund
  1444 | D:2      | Killed Sigmund
  1445 | D:2      | Reached skill level 5 in Fighting
  1445 | D:2      | Reached skill level 5 in Axes
  1445 | D:2      | Reached XP level 4. HP: 42/42 MP: 3/3
  1445 | D:2      | Reached XP level 5. HP: 49/49 MP: 4/4
  2320 | D:3      | Reached XP level 6. HP: 57/57 MP: 5/5
  2348 | D:3      | Reached skill level 6 in Fighting
  2900 | D:4      | Noticed Blork the orc
  2911 | D:4      | Killed Blork the orc
  3622 | D:5      | Entered Level 5 of the Dungeon
  3694 | D:5      | Reached XP level 7. HP: 52/64 MP: 6/6
  3770 | D:5      | Identified the +6 scale mail of a volcano {Dex+3 Stlth+}
  3812 | D:5      | Noticed a wraith
  3821 | D:5      | Killed a wraith
  3822 | D:5      | Reached skill level 7 in Fighting
  3993 | D:5      | Reached skill level 5 in Armour
  4229 | D:5      | Reached XP level 8. HP: 74/74 MP: 7/7
  4252 | D:5      | Reached skill level 8 in Fighting
  4270 | D:5      | Noticed Edmund
  4284 | D:5      | Killed Edmund
  4531 | D:5      | Found a runed translucent door.
  4532 | D:5      | Noticed Crazy Yiuf
  4605 | D:5      | Reached *** piety under Trog
  4802 | D:5      | Killed Crazy Yiuf
  4803 | D:5      | Reached skill level 9 in Fighting
  5074 | D:6      | Reached XP level 9. HP: 53/85 MP: 8/8
  5090 | D:6      | Noticed Eustachio
  5111 | D:6      | Killed Eustachio
  5605 | D:6      | Noticed a two-headed ogre
  5630 | D:6      | Killed a two-headed ogre
  5631 | D:6      | Reached skill level 10 in Fighting
  5631 | D:6      | Reached skill level 10 in Axes
  5883 | D:7      | Noticed a troll
  5891 | D:7      | Killed a troll
  5892 | D:7      | Reached skill level 11 in Fighting
  6100 | D:7      | Identified the +6 mace of Traps {vamp, Int+5}
  6198 | D:7      | Found a shimmering blue altar of Sif Muna.
  6374 | D:7      | Reached skill level 1 in Maces & Flails
  6552 | D:7      | Found a staircase to the Ecumenical Temple.
  6678 | D:7      | Noticed a cyclops
  6683 | D:7      | Killed a cyclops
  6684 | D:7      | Reached XP level 10. HP: 75/96 MP: 9/9
  6886 | D:8      | Found Unkemp Otuf's Book Boutique.
  7094 | D:8      | Reached skill level 12 in Fighting
  7587 | D:8      | Reached skill level 5 in Maces & Flails
  7756 | D:9      | Reached **** piety under Trog
  8131 | D:9      | Reached skill level 13 in Fighting
  8369 | D:9      | Noticed a two-headed ogre
  8375 | D:9      | Killed a two-headed ogre
  8530 | D:9      | Noticed a two-headed ogre
  8536 | D:9      | Killed a two-headed ogre
  8537 | D:9      | Reached XP level 11. HP: 107/107 MP: 10/10
  8951 | D:10     | Entered Level 10 of the Dungeon
  8951 | D:10     | Found a staircase to the Orcish Mines.
  9066 | D:10     | Noticed a two-headed ogre
  9075 | D:10     | Killed a two-headed ogre
  9100 | D:10     | Reached skill level 10 in Armour
  9152 | D:10     | Reached skill level 14 in Fighting
  9445 | D:10     | Noticed Harold
  9448 | D:10     | Identified the +1 whip of Nebrites {vorpal, rElec rC+ SInv}
  9452 | D:10     | Killed Harold
  9473 | D:10     | Noticed a two-headed ogre
  9479 | D:10     | Killed a two-headed ogre
  9930 | D:11     | Found a staircase to the Lair.
  9938 | D:11     | Noticed a cyan ugly thing
  9946 | D:11     | Killed a cyan ugly thing
  9947 | D:11     | Reached skill level 10 in Maces & Flails
 10362 | D:11     | Reached skill level 15 in Fighting
 10711 | D:11     | Reached XP level 12. HP: 93/119 MP: 11/11
 10932 | D:11     | Found a radiant altar of Vehumet.
 10952 | D:11     | HP: 3/121 [gargoyle/stone arrow (12)]
 10955 | D:11     | Slain by a skeletal warrior

Illustrated notes

Levels and vault maps discovered:
D:1:      matt_arrival_spirals, layout_rooms
D:2:      layout_basic, serial_shops, nicolae_shop_waterfront, minivault_24,
          lightli_corner_chamber, uniq_sigmund
D:3:      layout_rooms
D:4:      layout_loops_ring, hangedman_decor_opposing, uniq_blork_the_orc
D:5:      layout_loops_ring, serial_glass, glass_columns_a, glass_columns_a,
          st_stairs_9, uniq_edmund, uniq_crazy_yiuf_cottage
D:6:      layout_cave_pools, uniq_eustachio
D:7:      layout_basic, led_sif_pool, minmay_temple_entry_trees,
          grunt_ministairs_5
D:8:      layout_cave_pools, serial_shops, nicolae_diamond_shop,
          grunt_ministairs_5, nicolae_two_hexagons
D:9:      layout_loops_ring
D:10:     kennysheep_ambush_hall, layout_cave_pools,
          minmay_orc_entry_temple_small, small_statue_intersection, st_stairs_1,
          uniq_harold
D:11:     layout_long_grid, erik_lair_island, nicolae_vehumet_radiance

Skill      XL: |  1  2  3  4  5  6  7  8  9 10 11 |
---------------+----------------------------------+-----
Fighting       | 4 5 6 7 9 11 13 15 | 15.2
Axes           | 4 5 6 7 9 11 | 11.2
Armour         | 3 4 5 6 8 9 10 | 10.9
Maces & Flails | 2 7 10 | 10.6
Dodging        | |  2.1

Action                   |  1- 3 |  4- 6 |  7- 9 | 10-12 || total
-------------------------+-------+-------+-------+-------++-------
Melee: Hand axe          |    78 |    90 |   143 |       ||   311
       Headbutt          |    13 |    13 |    43 |    77 ||   146
       War axe           |       |       |    26 |       ||    26
       Mace              |       |       |    15 |   291 ||   306
       Whip              |       |       |       |     6 ||     6
Invok: Berserk           |     1 |     3 |     8 |    12 ||    24
       Trog's Hand       |     1 |     1 |     5 |     3 ||    10
       Brothers in Arms  |       |       |       |     2 ||     2
  Use: Scroll            |       |       |    15 |     1 ||    16
       Potion            |       |       |       |     3 ||     3
 Stab: Sleeping          |     1 |       |       |       ||     1
Armor: Animal skin       |    13 |    14 |     1 |       ||    28
       Scale mail        |       |       |    92 |   136 ||   228
Dodge: Dodged            |    55 |    52 |   145 |   278 ||   530

Table legend: (Time is in decaauts)
 A = Elapsed time spent in this place.
 B = Non-inter-level travel time spent in this place.
 C = Inter-level travel time spent in this place.
 D = Time resting spent in this place.
 E = Time spent auto-exploring this place.
 F = Levels seen in this place.
 G = Mean time per level.
                   A        B        C        D        E       F      G
               +--------+--------+--------+--------+--------+-----+--------+
         Total |  11132 |  10848 |    284 |   2849 |   6454 |  11 | 1012.0 |
       Dungeon |  11132 |  10848 |    284 |   2849 |   6454 |  11 | 1012.0 |
               +--------+--------+--------+--------+--------+-----+--------+

Top non-repeatable levels by time:
     D:5: 1317 daAuts
     D:9: 1266 daAuts
    D:11: 1159 daAuts
     D:6: 1002 daAuts
     D:7: 992 daAuts
     D:3: 962 daAuts
     D:1: 929 daAuts
     D:2: 909 daAuts
    D:10: 865 daAuts
     D:8: 864 daAuts
     D:4: 863 daAuts
